 Dungeon Crawl Stone Soup version 0.24.0-123-gd5b16e6ec5 (webtiles) character file.

Game seed: 16375641811819592379, levelgen mode: deterministic

18254 hazymike the Geomancer (level 12, -30/141 HPs)
             Began as a Human Earth Elementalist on Feb 2, 2020.
             Was an Elder of Vehumet.
             Annihilated by a phantasmal warrior (32 damage)
             ... led by a death knight
             ... on level 12 of the Dungeon on Feb 3, 2020.
             The game lasted 02:13:37 (19653 turns).

hazymike the Geomancer (Human Earth Elementalist)  Turns: 19653, Time: 02:13:37

Health: -30/141    AC: 11    Str: 17    XL:     12   Next: 92%
Magic:  4/21       EV: 17    Int: 19    God:    Vehumet [****..]
Gold:   627        SH:  0    Dex: 14    Spells: 7/23 levels left

rFire    . . .     SeeInvis .   x - +2 quarterstaff (drain)
rCold    . . .     Gourm    .   (shield currently unavailable)
rNeg     . . .     Faith    .   m - +3 troll leather armour {Snorg}
rPois    .         Spirit   .   f - +0 helmet
rElec    .         Reflect  .   c - +0 cloak
rCorr    .         Harm     .   d - +0 pair of gloves
MR       .....                  e - +0 pair of boots
Stlth    ..........             g - amulet of magic regeneration
HPRegen  0.73/turn              J - +1 ring of evasion
MPRegen  0.42/turn              w - +2 ring of intelligence

@: berserking, vulnerable, very quick
A: no striking features
a: Renounce Religion


You were on level 12 of the Dungeon.
You worshipped Vehumet.
Vehumet was greatly pleased with you.
You were hungry.

You visited 1 branch of the dungeon, and saw 14 of its levels.

You collected 847 gold pieces.
You spent 220 gold pieces at shops.

Inventory:

Hand Weapons
 a - a +1 quarterstaff of protection
 x - a +2 quarterstaff of draining (weapon)
Missiles
 v - 19 poisoned darts (quivered)
 F - 64 stones
 I - 13 atropa-tipped darts
 M - 2 throwing nets
Armour
 b - a +2 ring mail of cold resistance
 c - a +0 cloak (worn)
 d - a +0 pair of gloves (worn)
 e - a +0 pair of boots (worn)
 f - a +0 helmet (worn)
 m - a +3 troll leather armour (worn) {Snorg}
 s - +0 acid dragon scales
 K - a +2 scale mail of poison resistance
Jewellery
 g - an amulet of magic regeneration (around neck)
 k - an uncursed ring of flight
 l - an uncursed ring of fire
 w - a +2 ring of intelligence (right hand)
 J - a +1 ring of evasion (left hand)
Wands
 j - a wand of iceblast (10)
 o - a wand of random effects (16)
 P - a wand of flame (15)
Scrolls
 i - 5 scrolls of remove curse
 B - a scroll of holy word {unknown}
 G - 2 scrolls of magic mapping {unknown}
 H - a scroll of immolation
 L - 2 scrolls of teleportation {unknown}
 N - a scroll of enchant weapon {unknown}
 O - a scroll of enchant armour {unknown}
Potions
 h - 3 potions of heal wounds
 n - a potion of magic
 p - 6 potions of might
 q - 5 potions of curing
 r - a potion of haste
 u - 3 potions of flight
 y - 5 potions of brilliance
 z - 2 potions of invisibility
 A - 2 potions of ambrosia
 D - a potion of agility
Miscellaneous
 E - a box of beasts
Comestibles
 C - 19 rations


   Skills:
 + Level 8.4 Fighting
   Level 0.3 Short Blades
 + Level 7.4 Staves
 - Level 2.0 Armour
 + Level 7.8 Dodging
 - Level 2.0 Stealth
 - Level 6.0 Spellcasting
 - Level 6.0 Conjurations
 - Level 2.0 Summonings
 - Level 6.0 Transmutations
 - Level 4.0 Fire Magic
 + Level 10.2 Earth Magic


You had 7 spell levels left.
You knew the following spells:

 Your Spells              Type           Power        Failure   Level  Hunger
a - Sandblast             Erth           #####.       1%          1    None
b - Petrify               Tmut/Erth      #####...     4%          4    ####...
c - Lee's Rapid Deconstr  Erth           #####.....   1%          5    #####..
d - Passwall              Tmut/Erth      #####...     1%          2    None
e - Conjure Flame         Conj/Fire      ###.....     1%          3    ##.....
f - Summon Butterflies    Summ           ##......     6%          1    None

Your spell library contained the following spells:

 Spells                   Type           Power        Failure   Level  Hunger
 Ignite Poison            Fire/Tmut/Pois ###.....     2%          3    ##.....
 Magic Dart               Conj           ####         1%          1    None
 Stone Arrow              Conj/Erth      #####.       1%          3    ##.....
 Mephitic Cloud           Conj/Pois/Air  ##......     4%          3    ##.....
 Call Imp                 Summ           ##......     9%          2    None
 Apportation              Tloc           #.....       13%         1    None
 Blink                    Tloc           N/A          21%         2    None
 Slow                     Hex            #.......     21%         2    None
 Lesser Beckoning         Tloc           #.........   36%         3    ##.....
 Tukima's Dance           Hex            #.......     36%         3    ##.....
 Alistair's Intoxication  Tmut/Pois      ###.....     71%         5    #####..
 Invisibility             Hex            #.......     100%        6    #######


Dungeon Overview and Level Annotations

Branches:
Dungeon (14/15)            Temple (0/1) D:5            Lair (0/6) D:11
    Orc (0/2) D:10
 Vaults: D:13-14

Altars:
Dithmenos
Elyvilon
Fedhas
Gozag
Okawaru
Qazlal
Trog
Uskayaw
Vehumet
Xom
Yredelemnul
Zin
The Shining One
Beogh

Shops:
D:6 :   D:12 *

Annotations:
D:5 2 transporters, asilano's ghost, novice DECj
D:14 exclusion: 2 vampire mosquitoes, Josephine


Message History

* * * LOW HITPOINT WARNING * * *
Your magical defenses are stripped away!
You completely miss the phantasmal warrior.
The phantasmal warrior is moderately damaged.
The death knight hits you with a +0 battleaxe!
* * * LOW HITPOINT WARNING * * *
You barely miss the phantasmal warrior.
The phantasmal warrior is moderately damaged.
The phantasmal warrior hits you!
* * * LOW HITPOINT WARNING * * *
You thump the phantasmal warrior!
The phantasmal warrior is heavily damaged.
The death knight closely misses you.
The phantasmal warrior barely misses you.
You hit the phantasmal warrior but do no damage.
The phantasmal warrior is heavily damaged.
You hit the phantasmal warrior but do no damage.
The phantasmal warrior is heavily damaged.
The phantasmal warrior hits you!!
You die...

#.# #.......... #.#
#...(...... #.#
#.......... #.#
#p......... #.# .# #.#
.# ###.###.##.#
#<..p......###########
###.###...)....p@W..<#
#.# ###..###########
#.. ... .# ..... #
#####


You could see a death knight and a phantasmal warrior.

Vanquished Creatures
  Snorg (D:11)
  Harold (D:11)
  A two-headed ogre (D:11)
  A centaur warrior (D:11)
  A skeletal warrior (D:12)
  An unseen horror (D:11)
  An orc knight (D:11)
  2 ugly things
  2 manticores (D:11)
  2 centaur zombies
  Maurice (D:9)
  Joseph (D:7)
  A gargoyle (D:11)
  An efreet (D:10)
  A komodo dragon (D:11)
  2 trolls (D:11)
  A queen bee (D:8)
  Prince Ribbit (D:6)
  5 slime creatures (D:10)
  3 hippogriffs
  3 yaks (D:11)
  A tarantella (shapeshifter) (D:14)
  4 wraiths
  3 wyverns
  A basilisk (D:11)
  A steam dragon (D:10)
  Menkaure (D:7)
  Edmund (D:6)
  An acid dragon (D:11)
  4 ice beasts
  5 sky beasts
  7 orc warriors
  8 ogres
  6 phantoms
  A centaur (D:9)
  A crocodile (D:7)
  4 bullfrogs
  A big kobold (D:9)
  A wyvern zombie (D:6)
  2 scorpions
  A water moccasin skeleton (D:11)
  15 killer bees (D:8)
  2 howler monkeys
  2 crimson imps (D:8)
  A bullfrog zombie (D:10)
  3 hounds
  2 jellies (D:9)
  A quasit (D:7)
  10 orc priests
  A centaur skeleton (D:11)
  5 iguanas
  5 bullfrog skeletons
  10 orc wizards
  11 worker ants
  2 hound skeletons
  11 gnolls
  A howler monkey skeleton (D:10)
  11 adders
  3 oozes
  An adder skeleton (D:8)
  A worm (D:4)
  3 dart slugs
  2 leopard geckos (D:2)
  62 orcs
  A ball python (D:6)
  3 bats (D:3)
  6 giant cockroaches
  6 goblins
  6 hobgoblins
  13 jackals
  4 quokkas
  5 frilled lizards
  A jackal zombie (D:8)
  10 kobolds
  A leopard gecko skeleton (D:4)
  2 quokka skeletons
  3 rats (D:3)
313 creatures vanquished.

Notes
Turn   | Place    | Note
-------+----------+-------------------------------------------
     0 | D:1      | hazymike the Human Earth Elementalist began the quest for
                  | the Orb.
     0 | D:1      | Reached XP level 1. HP: 13/13 MP: 3/3
   148 | D:1      | Reached XP level 2. HP: 15/20 MP: 5/5
   374 | D:1      | Reached skill level 1 in Fighting
   658 | D:1      | Reached XP level 3. HP: 16/26 MP: 6/6
  1510 | D:3      | Noticed a +0 dagger
  1510 | D:3      | Noticed a +0 dagger
  1512 | D:3      | Found a hide-covered altar of Uskayaw.
  1690 | D:3      | Reached skill level 4 in Earth Magic
  1690 | D:3      | Reached XP level 4. HP: 33/33 MP: 4/7
  1770 | D:3      | Reached XP level 5. HP: 38/38 MP: 4/8
  2473 | D:3      | Noticed an ogre
  2605 | D:3      | Killed an ogre
  2605 | D:3      | Reached skill level 1 in Armour
  2605 | D:3      | Reached skill level 5 in Earth Magic
  2605 | D:3      | Reached XP level 6. HP: 46/46 MP: 5/9
  2870 | D:3      | Found an iron altar of Okawaru.
  2937 | D:4      | Noticed a phantom
  2958 | D:4      | Killed a phantom
  2958 | D:4      | Reached XP level 7. HP: 45/51 MP: 0/11
  3554 | D:4      | Learned a level 4 spell: Petrify
  3560 | D:4      | Learned a level 5 spell: Lee's Rapid Deconstruction
  3563 | D:4      | Learned a level 2 spell: Passwall
  3720 | D:4      | Found a radiant altar of Vehumet.
  3737 | D:4      | Found a glowing golden altar of the Shining One.
  3741 | D:4      | Found a bloodstained altar of Trog.
  3758 | D:4      | Became a worshipper of Vehumet
  4111 | D:5      | Entered Level 5 of the Dungeon
  4120 | D:5      | Reached skill level 6 in Earth Magic
  4174 | D:5      | Found a staircase to the Ecumenical Temple.
  4400 | D:5      | Found a white marble altar of Elyvilon.
  4449 | D:5      | Reached XP level 8. HP: 52/58 MP: 13/13
  4630 | D:5      | Noticed asilano's ghost (novice DECj)
  4632 | D:5      | Found a transporter.
  4634 | D:5      | Found a transporter.
  4987 | D:5      | Found a stormy altar of Qazlal.
  5109 | D:6      | Found Petsafem's Book Emporium.
  5466 | D:6      | Reached * piety under Vehumet
  5466 | D:6      | Offered knowledge of Shock by Vehumet.
  5466 | D:6      | Reached skill level 1 in Staves
  5682 | D:6      | Noticed Edmund
  5687 | D:6      | Got a transparent dagger
  5688 | D:6      | Identified the +2 dagger of Frustration {venom, +Rage} (You
                  | found it on level 6 of the Dungeon)
  5702 | D:6      | Killed Edmund
  5702 | D:6      | Reached skill level 7 in Earth Magic
  6253 | D:6      | Reached XP level 9. HP: 63/66 MP: 8/15
  6412 | D:6      | Noticed Prince Ribbit
  6419 | D:6      | Killed Prince Ribbit
  6653 | D:6      | Bought a book of Minor Magic for 220 gold pieces
  6657 | D:6      | Learned a level 3 spell: Conjure Flame
  6776 | D:7      | Noticed Menkaure
  7073 | D:7      | Noticed Joseph
  7611 | D:7      | Killed Joseph
  7611 | D:7      | Reached skill level 1 in Conjurations
  7611 | D:7      | Reached skill level 1 in Fire Magic
  7611 | D:7      | Reached skill level 8 in Earth Magic
  7720 | D:7      | Reached skill level 5 in Fighting
  8015 | D:7      | Found a glowing silver altar of Zin.
  8069 | D:7      | Killed Menkaure
  8409 | D:8      | Reached XP level 10. HP: 56/74 MP: 11/16
  8531 | D:8      | Reached ** piety under Vehumet
  8580 | D:8      | Reached skill level 5 in Dodging
  8666 | D:8      | Offered knowledge of Freeze by Vehumet.
  9564 | D:8      | Found an opulent altar of Gozag.
 10239 | D:9      | Found a blossoming altar of Fedhas.
 10257 | D:9      | Reached skill level 5 in Staves
 10259 | D:9      | Found a glowing golden altar of the Shining One.
 10344 | D:9      | Found a shimmering altar of Xom.
 10453 | D:9      | Offered knowledge of Inner Flame by Vehumet.
 10832 | D:9      | Noticed Maurice
 10848 | D:9      | Killed Maurice
 10904 | D:9      | Reached *** piety under Vehumet
 10964 | D:9      | Reached XP level 11. HP: 83/83 MP: 14/17
 11124 | D:9      | Found an opulent altar of Gozag.
 11152 | D:9      | Found a shadowy altar of Dithmenos.
 11344 | D:8      | Found a basalt altar of Yredelemnul.
 11424 | D:10     | Entered Level 10 of the Dungeon
 11526 | D:10     | Noticed a purple ugly thing
 11578 | D:9      | Killed a purple ugly thing
 12989 | D:10     | Found a staircase to the Orcish Mines.
 13622 | D:10     | Offered knowledge of Olgreb's Toxic Radiance by Vehumet.
 14085 | D:10     | Reached skill level 9 in Earth Magic
 14961 | D:10     | Found a staircase to the Orcish Mines.
 15309 | D:11     | Noticed Harold
 15309 | D:11     | Noticed a two-headed ogre
 15309 | D:11     | Noticed a manticore
 15484 | D:11     | Noticed a manticore
 15507 | D:11     | Killed a manticore
 15507 | D:11     | Reached skill level 5 in Conjurations
 15507 | D:11     | Reached skill level 5 in Transmutations
 15806 | D:11     | Killed a manticore
 15972 | D:11     | Reached skill level 5 in Spellcasting
 15972 | D:11     | Noticed a centaur warrior
 16322 | D:11     | Killed Harold
 16655 | D:11     | Killed a two-headed ogre
 16655 | D:11     | Reached XP level 12. HP: 76/92 MP: 11/19
 16720 | D:11     | Learned a level 1 spell: Summon Butterflies
 17258 | D:11     | Killed a centaur warrior
 17258 | D:11     | Reached skill level 1 in Summonings
 17864 | D:11     | Found a roughly hewn altar of Beogh.
 17912 | D:11     | Reached **** piety under Vehumet
 18218 | D:11     | Noticed Snorg
 18584 | D:11     | Killed Snorg
 18584 | D:11     | Reached skill level 10 in Earth Magic
 18663 | D:11     | You fall into a shaft and drop 3 floors!
 18702 | D:14     | Noticed Josephine
 18822 | D:14     | Noticed a catoblepas
 18840 | D:13     | Noticed a skeletal warrior
 18863 | D:12     | Found Suary's Assorted Antiques.
 18872 | D:12     | Noticed a death knight
 18872 | D:12     | Noticed a skeletal warrior
 19032 | D:11     | Killed an unseen horror
 19134 | D:11     | Offered knowledge of Ignite Poison by Vehumet.
 19404 | D:11     | Found a staircase to the Lair.
 19639 | D:12     | Killed a skeletal warrior
 19649 | D:12     | HP: 7/141 [death knight/+0 battleaxe (10)]
 19650 | D:12     | HP: 1/141 [phantasmal warrior[a death knight] (7)]
 19653 | D:12     | Annihilated by a phantasmal warrior

Levels and vault maps discovered:
D:1:      lightli_arrival_lavapool, layout_rooms, minmay_misc_feat_cross
D:2:      layout_rooms
D:3:      layout_loops_ring, dancing_weapons_uskayaw, okawaru_altar_gauntlet_db
D:4:      layout_gridville, minitemple, first_ration
D:5:      layout_loops_ring, nicolae_qazlal_eye_of_the_storm,
          overflow_temple_1_default, minmay_temple_entry_large_hall,
          gammafunk_ghost_smash
D:6:      layout_loops_corners, serial_shops, shop, uniq_prince_ribbit1,
          uniq_edmund
D:7:      layout_rooms, zin_statuary, uniq_joseph, uniq_menkaure
D:8:      kennysheep_blocky_hall, layout_basic, nicolae_overflow_hidden_temple,
          david_nohive_1, nicolae_gozag_seed_capital
D:9:      layout_gridville, nicolae_overflow_crystal_walls, fedhas_altar_2,
          grunt_dithmenos_smoke, kennysheep_mini, basic_altar,
          grunt_ministairs_11, uniq_maurice
D:10:     layout_irregular_city, orc_0_dummy, lightli_fourway_metalbox
D:11:     layout_roguey, erik_lair_dragon, special_room [special_room_orc],
          uniq_harold, uniq_snorg
D:12:     layout_basic, serial_shops, shop
D:13:     gammafunk_jiyva_shrine, layout_rooms,
          hangedman_vaults_entry_quadrant_bands, enter_trove_3
D:14:     layout_gridville, minmay_misc_feat_chi,
          minmay_guarded_unrand_vampires_tooth, uniq_jorgrun, uniq_josephine

Skill      XL: |  1  2  3  4  5  6  7  8  9 10 11 12 |
---------------+-------------------------------------+-----
Fighting       | 1 2 3 4 5 6 7 8 |  8.4
Earth Magic    | 4 5 6 7 8 9 10 | 10.2
Armour         | 1 2 |  2.0
Spellcasting   | 3 4 5 6 |  6.0
Dodging        | 3 4 6 7 |  7.8
Staves         | 2 3 5 6 7 |  7.4
Transmutations | 2 3 4 5 6 |  6.0
Conjurations   | 2 4 5 6 |  6.0
Fire Magic     | 2 4 |  4.0
Summonings     | 2 |  2.0
Short Blades   | |  0.3
Stealth        | |  2.0

Action                   |  1- 3 |  4- 6 |  7- 9 | 10-12 || total
-------------------------+-------+-------+-------+-------++-------
Melee: Unarmed           |     6 |       |       |       ||     6
       Whip              |    38 |   121 |     2 |       ||   161
       Dagger            |       |       |   139 |       ||   139
       Quarterstaff      |       |       |    69 |   836 ||   905
Throw: Stone             |     6 |    35 |    33 |     2 ||    76
       Javelin           |    26 |     7 |       |       ||    33
       Dart              |       |       |   103 |   288 ||   391
 Cast: Sandblast         |    21 |    37 |   121 |   145 ||   324
       Lee's Rapid Decon |       |       |       |    18 ||    18
       Petrify           |       |       |       |    10 ||    10
       Conjure Flame     |       |       |       |    13 ||    13
       Passwall          |       |       |       |     3 ||     3
  Use: Scroll            |       |       |     8 |    14 ||    22
       Potion            |       |       |       |     2 ||     2
 Stab: Sleeping          |       |       |     2 |     2 ||     4
       Petrified         |       |       |       |    23 ||    23
  Eat: Chunk             |     3 |     5 |    13 |    34 ||    55
       Ration            |       |       |     1 |     3 ||     4
Armor: Robe              |     2 |       |       |       ||     2
       Ring mail         |    10 |    44 |    78 |   302 ||   434
       Troll leather arm |       |       |       |    68 ||    68
Dodge: Dodged            |    30 |    81 |   154 |   597 ||   862
